[ AOE2 MATCH · #478253296 ]
UnrankedCumans vs Mongols
[ REPLAY ANALYSIS · EXTRACTED FROM THE RECORDED GAME ]
Feudal
8:14
Castle
19:14
Imperial
36:18
| APM avg | 47.2 |
| APM peak | 92 |
| eAPM avg | 25.3 |
| Villagers / military | 196 / 270 |
Focus
⚔️ 31.0% · 🌾 69.0%
Knight ×173 · Steppe Lancer ×45 · Camel Scout ×32 · Battering Ram ×15 · Monk ×2 · Trebuchet (Packed) ×2
Feudal
10:59
Castle
14:34
Imperial
33:10
| APM avg | 37.1 |
| APM peak | 73 |
| eAPM avg | 19.3 |
| Villagers / military | 115 / 71 |
Focus
⚔️ 31.2% · 🌾 68.8%
Mangudai ×64 · Trebuchet (Packed) ×4 · Petard ×2 · Monk ×1
Feudal
10:33
Castle
14:17
Imperial
29:42
| APM avg | 29.6 |
| APM peak | 75 |
| eAPM avg | 21.3 |
| Villagers / military | 172 / 430 |
Focus
⚔️ 35.1% · 🌾 64.9%
Spearman ×327 · Serjeant ×77 · Battering Ram ×24 · Trebuchet (Packed) ×2
Feudal
11:28
Castle
22:50
Imperial
38:02
| APM avg | 40.4 |
| APM peak | 73 |
| eAPM avg | 21.9 |
| Villagers / military | 105 / 41 |
Focus
⚔️ 33.9% · 🌾 66.1%
Hussite Wagon ×40 · Monk ×1
Feudal
11:07
Castle
16:25
Imperial
36:35
| APM avg | 32.3 |
| APM peak | 75 |
| eAPM avg | 18.7 |
| Villagers / military | 120 / 140 |
Focus
⚔️ 38.0% · 🌾 62.0%
Knight ×137 · Monk ×3
Feudal
8:01
Castle
22:46
Imperial
34:57
| APM avg | 35.0 |
| APM peak | 78 |
| eAPM avg | 22.7 |
| Villagers / military | 149 / 67 |
Focus
⚔️ 33.2% · 🌾 66.8%
Unknown (2579) ×79 · Spearman ×56 · Trebuchet (Packed) ×7 · Petard ×4
Feudal
12:05
Castle
15:18
Imperial
28:15
| APM avg | 34.3 |
| APM peak | 66 |
| eAPM avg | 20.0 |
| Villagers / military | 133 / 349 |
Focus
⚔️ 35.7% · 🌾 64.3%
Battle Elephant ×343 · Knight ×6
Feudal
10:39
Castle
14:09
Imperial
28:04
| APM avg | 43.6 |
| APM peak | 89 |
| eAPM avg | 24.1 |
| Villagers / military | 175 / 206 |
Focus
⚔️ 27.0% · 🌾 73.0%
Bolas Rider ×194 · Trebuchet (Packed) ×10 · Kona ×1 · Mangonel ×1
Match map
Initial resources + every placement click. Lines = walls · curves = elevation contours. ◆ gold · ⬟ stone · ● berries · ✦ relic · ◌ wall gap
Your base· ✓ Closed at 19:14 · 0t walls · 3 gate(s)
安时间's base· ✓ Closed at 14:34 · 0t walls · 2 gate(s)
Dott_Berlu's base· ✓ Closed at 14:17 · 0t walls · 2 gate(s)
天空6's base· ✓ Closed at 22:50 · 23t walls · 3 gate(s)
帅气高大's base· ✓ Closed at 16:25 · 4t walls · 5 gate(s)
HSL | LuxRay's base· ✓ Closed at 22:46 · 15t walls · 4 gate(s)
剑魔's base· ✓ Closed at 15:18 · 0t walls · 3 gate(s)
Melo's base· ✓ Closed at 14:09 · 12t walls · 4 gate(s)
Smoothed initial terrain · ◌ = detected wall gap · hover for details
Inputs per minute
— cmd 2.0 - - 安时间
Build order — cmd 2.0
First 150 of 440 actions detected
| 0:01 | Create | Villager (Male) ×4 |
| 0:02 | Create | Villager (Male) |
| 0:04 | Build | House |
| 0:06 | Build | House |
| 1:26 | Create | Villager (Male) |
| 1:57 | Build | Lumber Camp |
| 2:00 | Create | Villager (Male) |
| 2:25 | Create | Villager (Male) |
| 2:25 | Create | Villager (Male) |
| 2:50 | Create | Villager (Male) |
| 2:50 | Create | Villager (Male) |
| 3:40 | Create | Villager (Male) |
| 3:40 | Create | Villager (Male) |
| 3:55 | Build | Mill |
| 3:56 | Create | Villager (Male) |
| 4:00 | Create | Villager (Male) |
| 4:43 | Build | House |
| 4:48 | Create | Villager (Male) |
| 4:49 | Research | Loom |
| 5:18 | Create | Villager (Male) |
| 5:18 | Create | Villager (Male) |
| 6:04 | Research | Feudal Age |
| 6:04 | Research | Feudal Age |
| 6:48 | Create | Villager (Male) |
| 7:31 | Create | Villager (Male) |
| 8:14 | Age | Feudal Age |
| 8:16 | Create | Villager (Male) |
| 8:19 | Create | Villager (Male) |
| 8:23 | Build | Town Center |
| 8:46 | Create | Villager (Male) |
| 9:12 | Create | Villager (Male) |
| 9:19 | Research | Double-Bit Axe |
| 9:19 | Research | Double-Bit Axe |
| 9:23 | Create | Villager (Male) |
| 9:43 | Build | House |
| 9:44 | Create | Villager (Male) |
| 10:08 | Build | House |
| 10:11 | Build | Farm |
| 10:16 | Build | Farm |
| 10:17 | Create | Villager (Male) |
| 10:19 | Build | Farm |
| 10:21 | Create | Villager (Male) |
| 10:21 | Create | Villager (Male) |
| 10:34 | Build | House |
| 10:43 | Create | Villager (Male) |
| 10:43 | Create | Villager (Male) |
| 10:45 | Build | Farm |
| 11:15 | Create | Villager (Male) ×3 |
| 11:19 | Build | Farm |
| 11:24 | Build | House |
| 11:29 | Build | House |
| 11:29 | Create | Villager (Male) ×2 |
| 11:45 | Build | Farm |
| 11:46 | Create | Villager (Male) |
| 11:48 | Build | Farm |
| 12:09 | Create | Villager (Male) |
| 12:14 | Create | Villager (Male) |
| 12:22 | Build | House |
| 12:28 | Build | Farm |
| 12:31 | Build | Farm |
| 12:36 | Create | Villager (Male) |
| 12:43 | Create | Villager (Male) |
| 12:54 | Build | House |
| 13:13 | Build | Farm |
| 13:15 | Create | Villager (Male) |
| 13:16 | Create | Villager (Male) |
| 13:22 | Create | Villager (Male) |
| 13:29 | Build | House |
| 13:30 | Create | Villager (Male) |
| 13:51 | Build | Barracks |
| 13:52 | Create | Villager (Male) ×4 |
| 13:54 | Build | Farm |
| 14:16 | Build | Farm |
| 14:21 | Build | Farm |
| 14:37 | Create | Villager (Male) |
| 14:46 | Create | Villager (Male) ×5 |
| 15:00 | Build | Blacksmith |
| 15:20 | Build | Farm |
| 15:26 | Build | Farm |
| 15:28 | Create | Villager (Male) ×5 |
| 15:37 | Build | Stable |
| 15:44 | Build | Farm |
| 15:57 | Build | Farm |
| 16:24 | Build | Mill |
| 16:25 | Build | Farm |
| 16:25 | Build | Farm |
| 16:25 | Build | Farm |
| 16:25 | Build | Farm |
| 16:26 | Build | Farm |
| 16:34 | Research | Castle Age |
| 16:34 | Research | Castle Age |
| 16:43 | Build | Stable |
| 16:58 | Build | Stable |
| 17:02 | Create | Villager (Male) ×2 |
| 17:11 | Build | Mining Camp |
| 17:22 | Research | Wheelbarrow |
| 17:22 | Research | Wheelbarrow |
| 17:47 | Build | Farm |
| 17:47 | Research | Horse Collar |
| 17:51 | Build | Farm |
| 17:59 | Research | Gold Mining |
| 18:03 | Research | Bloodlines |
| 18:27 | Create | Villager (Male) ×4 |
| 18:44 | Build | Lumber Camp |
| 18:48 | Build | Farm |
| 18:53 | Build | House |
| 18:56 | Research | Scale Barding Armor |
| 19:14 | Age | Castle Age |
| 19:16 | Create | Steppe Lancer ×3 |
| 19:16 | Create | Steppe Lancer ×3 |
| 19:22 | Create | Villager (Male) |
| 19:24 | Build | Farm |
| 19:29 | Build | House |
| 19:32 | Build | House |
| 19:37 | Build | House |
| 19:41 | Build | House |
| 19:49 | Build | Palisade Wall |
| 20:10 | Create | Villager (Male) ×5 |
| 20:10 | Create | Villager (Male) ×5 |
| 20:18 | Create | Steppe Lancer ×3 |
| 20:18 | Create | Steppe Lancer ×3 |
| 20:18 | Create | Steppe Lancer ×3 |
| 20:31 | Build | Siege Workshop |
| 20:36 | Create | Villager (Male) |
| 20:42 | Build | Farm |
| 20:48 | Create | Villager (Male) |
| 21:12 | Create | Villager (Male) |
| 21:12 | Create | Villager (Male) |
| 21:13 | Create | Villager (Male) |
| 21:14 | Create | Battering Ram |
| 21:15 | Create | Battering Ram |
| 21:17 | Build | Farm |
| 21:19 | Create | Villager (Male) |
| 21:20 | Create | Villager (Male) |
| 21:26 | Build | Farm |
| 21:26 | Build | Farm |
| 21:39 | Research | Bow Saw |
| 21:52 | Create | Steppe Lancer ×5 |
| 21:52 | Create | Steppe Lancer ×5 |
| 22:04 | Create | Battering Ram |
| 22:09 | Build | Farm |
| 22:11 | Create | Villager (Male) |
| 22:11 | Create | Villager (Male) |
| 22:11 | Create | Villager (Male) |
| 22:14 | Build | Lumber Camp |
| 22:20 | Create | Villager (Male) |
| 22:22 | Build | House |
| 22:23 | Build | House |
| 22:23 | Build | House |
| 22:23 | Build | House |
Build order — 安时间
First 150 of 318 actions detected
| 0:01 | Create | Villager (Male) |
| 0:02 | Create | Villager (Male) |
| 0:02 | Build | House |
| 0:04 | Build | House |
| 0:06 | Create | Villager (Male) |
| 0:06 | Create | Villager (Male) |
| 1:23 | Create | Villager (Male) |
| 1:59 | Create | Villager (Male) |
| 1:59 | Create | Villager (Male) |
| 2:09 | Build | Lumber Camp |
| 2:16 | Build | Lumber Camp |
| 2:20 | Create | Villager (Male) |
| 2:59 | Create | Villager (Male) |
| 2:59 | Create | Villager (Male) |
| 2:59 | Create | Villager (Male) |
| 3:23 | Create | Villager (Male) |
| 3:38 | Build | House |
| 3:47 | Create | Villager (Male) |
| 3:47 | Create | Villager (Male) |
| 4:16 | Create | Villager (Male) |
| 4:56 | Build | House |
| 5:16 | Create | Villager (Male) |
| 5:16 | Create | Villager (Male) |
| 5:33 | Build | Mill |
| 6:07 | Create | Villager (Male) |
| 6:08 | Create | Villager (Male) |
| 7:06 | Build | Mill |
| 7:07 | Create | Villager (Male) |
| 7:08 | Create | Villager (Male) |
| 7:28 | Research | Feudal Age |
| 7:37 | Create | Villager (Male) |
| 8:21 | Create | Villager (Male) |
| 8:21 | Research | Feudal Age |
| 8:29 | Build | Mining Camp |
| 9:51 | Build | House |
| 10:05 | Build | Farm |
| 10:12 | Build | Mining Camp |
| 10:27 | Create | Villager (Male) |
| 10:27 | Create | Villager (Male) |
| 10:59 | Age | Feudal Age |
| 11:04 | Build | Blacksmith |
| 11:06 | Build | Market |
| 11:15 | Research | Double-Bit Axe |
| 11:54 | Research | Castle Age |
| 12:02 | Build | House |
| 12:20 | Research | Gold Mining |
| 12:32 | Build | Farm |
| 12:36 | Build | Farm |
| 13:24 | Create | Villager (Male) |
| 13:27 | Build | Farm |
| 14:34 | Age | Castle Age |
| 14:53 | Build | Castle |
| 14:59 | Create | Villager (Male) |
| 15:04 | Build | Farm |
| 15:16 | Build | Farm |
| 15:18 | Build | Farm |
| 15:22 | Create | Villager (Male) |
| 15:29 | Build | Farm |
| 15:33 | Research | Horse Collar |
| 15:40 | Build | Farm |
| 15:43 | Create | Villager (Male) |
| 16:02 | Build | Farm |
| 16:06 | Create | Villager (Male) |
| 16:14 | Create | Mangudai |
| 16:14 | Create | Mangudai |
| 16:15 | Create | Mangudai |
| 16:16 | Create | Mangudai |
| 16:27 | Build | Farm |
| 16:33 | Create | Villager (Male) |
| 16:43 | Research | Fletching |
| 16:45 | Create | Mangudai |
| 17:03 | Build | University |
| 17:06 | Create | Mangudai |
| 17:07 | Create | Villager (Male) |
| 17:17 | Build | Farm |
| 17:25 | Create | Villager (Male) |
| 17:28 | Build | Farm |
| 17:41 | Create | Mangudai |
| 17:45 | Create | Villager (Male) |
| 17:49 | Build | Farm |
| 18:11 | Research | Bodkin Arrow |
| 18:12 | Research | Bodkin Arrow |
| 18:22 | Build | Farm |
| 18:25 | Build | Farm |
| 18:30 | Build | House |
| 18:31 | Build | House |
| 18:36 | Create | Villager (Male) |
| 18:52 | Create | Mangudai |
| 18:55 | Create | Villager (Male) |
| 19:13 | Build | Farm |
| 19:15 | Research | Bow Saw |
| 19:26 | Create | Villager (Male) |
| 19:29 | Create | Mangudai |
| 19:54 | Create | Villager (Male) |
| 19:57 | Create | Mangudai |
| 20:11 | Create | Villager (Male) |
| 20:20 | Build | Monastery |
| 20:24 | Create | Mangudai |
| 20:37 | Create | Villager (Male) |
| 20:40 | Research | Wheelbarrow |
| 20:54 | Create | Mangudai |
| 20:55 | Create | Mangudai |
| 21:08 | Create | Petard |
| 21:13 | Create | Monk |
| 21:24 | Create | Petard |
| 21:35 | Research | Ballistics |
| 21:36 | Create | Villager (Male) |
| 21:36 | Create | Villager (Male) |
| 22:23 | Create | Mangudai |
| 22:23 | Create | Mangudai |
| 22:26 | Create | Villager (Male) |
| 22:37 | Build | Town Center |
| 23:09 | Create | Villager (Male) |
| 23:18 | Create | Villager (Male) |
| 23:18 | Create | Villager (Male) |
| 23:20 | Research | Padded Archer Armor |
| 23:22 | Research | Hand Cart |
| 23:50 | Create | Villager (Male) |
| 23:51 | Create | Mangudai |
| 23:54 | Build | Farm |
| 24:00 | Research | Town Watch |
| 24:00 | Research | Hand Cart |
| 24:03 | Build | Lumber Camp |
| 24:05 | Build | Farm |
| 24:32 | Create | Mangudai |
| 24:33 | Create | Villager (Male) |
| 24:33 | Create | Villager (Male) |
| 24:49 | Create | Mangudai |
| 25:15 | Create | Mangudai |
| 25:17 | Create | Villager (Male) |
| 25:50 | Create | Mangudai |
| 25:51 | Create | Villager (Male) |
| 25:51 | Create | Villager (Male) |
| 25:51 | Create | Villager (Male) |
| 25:51 | Create | Villager (Male) |
| 25:57 | Build | Town Center |
| 26:14 | Create | Mangudai |
| 26:22 | Build | House |
| 26:23 | Build | House |
| 26:31 | Create | Mangudai |
| 26:35 | Build | Barracks |
| 26:41 | Build | House |
| 26:48 | Create | Villager (Male) |
| 26:49 | Create | Villager (Male) |
| 26:49 | Create | Villager (Male) |
| 26:56 | Build | House |
| 27:06 | Build | Farm |
| 27:28 | Create | Mangudai |
| 27:30 | Create | Mangudai |
| 27:31 | Create | Villager (Male) |
Build order — Dott_Berlu
First 150 of 483 actions detected
| 0:00 | Create | Villager (Male) |
| 0:01 | Create | Villager (Male) |
| 0:01 | Create | Villager (Male) |
| 0:01 | Create | Villager (Male) |
| 0:02 | Create | Villager (Male) |
| 0:03 | Build | House |
| 0:05 | Build | House |
| 0:18 | Build | House |
| 1:21 | Create | Villager (Male) |
| 1:21 | Create | Villager (Male) |
| 2:03 | Build | Lumber Camp |
| 2:07 | Create | Villager (Male) |
| 2:08 | Create | Villager (Male) |
| 2:29 | Create | Villager (Male) |
| 2:30 | Create | Villager (Male) |
| 2:43 | Create | Villager (Male) |
| 3:12 | Create | Villager (Male) |
| 3:12 | Create | Villager (Male) |
| 3:28 | Create | Villager (Male) |
| 4:00 | Create | Villager (Male) |
| 4:01 | Create | Villager (Male) |
| 4:16 | Create | Villager (Male) |
| 4:17 | Create | Villager (Male) |
| 4:43 | Build | Mill |
| 5:00 | Create | Villager (Male) |
| 5:00 | Create | Villager (Male) |
| 5:01 | Create | Villager (Male) |
| 5:11 | Build | House |
| 5:12 | Build | House |
| 5:13 | Build | House |
| 6:03 | Create | Villager (Male) |
| 6:03 | Create | Villager (Male) |
| 6:03 | Create | Villager (Male) |
| 6:26 | Create | Villager (Male) |
| 6:32 | Build | Mill |
| 6:56 | Create | Villager (Male) |
| 7:35 | Create | Villager (Male) |
| 7:55 | Build | Mining Camp |
| 8:22 | Research | Feudal Age |
| 8:26 | Build | Farm |
| 8:27 | Build | Farm |
| 10:03 | Create | Villager (Male) |
| 10:04 | Create | Villager (Male) |
| 10:33 | Age | Feudal Age |
| 10:39 | Build | Market |
| 10:41 | Build | Blacksmith |
| 11:37 | Research | Castle Age |
| 11:38 | Research | Castle Age |
| 12:27 | Research | Double-Bit Axe |
| 12:28 | Research | Double-Bit Axe |
| 12:34 | Research | Horse Collar |
| 14:10 | Create | Villager (Male) |
| 14:17 | Age | Castle Age |
| 14:25 | Build | Town Center |
| 14:29 | Research | Bow Saw |
| 14:30 | Research | Heavy Plow |
| 14:41 | Create | Villager (Male) |
| 14:41 | Create | Villager (Male) |
| 14:48 | Build | Farm |
| 14:51 | Build | Farm |
| 14:53 | Build | Farm |
| 15:16 | Create | Villager (Male) |
| 15:16 | Create | Villager (Male) |
| 15:16 | Create | Villager (Male) |
| 15:17 | Create | Villager (Male) |
| 15:28 | Create | Villager (Male) |
| 15:29 | Create | Villager (Male) |
| 15:54 | Build | Town Center |
| 16:03 | Create | Villager (Male) |
| 16:03 | Create | Villager (Male) |
| 16:03 | Create | Villager (Male) |
| 16:06 | Build | Farm |
| 16:19 | Build | Farm |
| 16:21 | Create | Villager (Male) |
| 16:22 | Create | Villager (Male) |
| 16:24 | Build | Farm |
| 16:27 | Create | Villager (Male) |
| 16:37 | Build | Farm |
| 16:45 | Create | Villager (Male) |
| 16:50 | Build | Farm |
| 16:57 | Create | Villager (Male) |
| 17:02 | Build | Farm |
| 17:20 | Create | Villager (Male) |
| 17:20 | Create | Villager (Male) |
| 17:31 | Create | Villager (Male) |
| 17:31 | Create | Villager (Male) |
| 17:34 | Build | Farm |
| 17:36 | Build | Farm |
| 17:39 | Research | Loom |
| 17:45 | Build | House |
| 17:46 | Build | House |
| 17:53 | Build | Farm |
| 17:55 | Build | Farm |
| 18:04 | Create | Villager (Male) |
| 18:05 | Create | Villager (Male) |
| 18:05 | Create | Villager (Male) |
| 18:10 | Build | House |
| 18:21 | Build | Farm |
| 18:24 | Build | Farm |
| 18:31 | Build | Farm |
| 18:33 | Build | Farm |
| 18:35 | Create | Villager (Male) |
| 18:35 | Create | Villager (Male) |
| 18:36 | Create | Villager (Male) |
| 18:40 | Create | Villager (Male) |
| 18:40 | Create | Villager (Male) |
| 18:45 | Build | Farm |
| 18:52 | Build | Farm |
| 19:01 | Create | Villager (Male) |
| 19:04 | Build | Farm |
| 19:05 | Create | Villager (Male) |
| 19:14 | Build | House |
| 19:15 | Create | Villager (Male) |
| 19:15 | Create | Villager (Male) |
| 19:15 | Create | Villager (Male) |
| 19:19 | Build | Farm |
| 19:22 | Build | Farm |
| 19:34 | Create | Villager (Male) |
| 19:35 | Create | Villager (Male) |
| 19:35 | Create | Villager (Male) |
| 19:38 | Create | Villager (Male) |
| 19:39 | Create | Villager (Male) |
| 19:48 | Build | House |
| 19:48 | Build | House |
| 19:50 | Create | Villager (Male) |
| 19:50 | Create | Villager (Male) |
| 19:51 | Create | Villager (Male) |
| 20:09 | Research | Wheelbarrow |
| 20:09 | Create | Villager (Male) |
| 20:10 | Create | Villager (Male) |
| 20:26 | Build | Town Center |
| 20:37 | Create | Villager (Male) |
| 20:37 | Create | Villager (Male) |
| 20:37 | Create | Villager (Male) |
| 20:41 | Build | Farm |
| 20:44 | Build | Farm |
| 20:54 | Build | Farm |
| 20:56 | Create | Villager (Male) |
| 20:57 | Create | Villager (Male) |
| 20:57 | Create | Villager (Male) |
| 20:57 | Create | Villager (Male) |
| 21:13 | Research | Gold Mining |
| 21:14 | Create | Villager (Male) |
| 21:15 | Create | Villager (Male) |
| 21:15 | Create | Villager (Male) |
| 21:15 | Create | Villager (Male) |
| 21:33 | Build | House |
| 21:34 | Build | House |
| 21:51 | Build | Castle |
| 21:55 | Create | Villager (Male) |
Build order — 天空6
First 150 of 271 actions detected
| 0:03 | Build | House |
| 0:06 | Build | House |
| 0:06 | Create | Villager (Male) |
| 0:13 | Create | Villager (Male) |
| 0:13 | Create | Villager (Male) |
| 0:17 | Create | Villager (Male) |
| 0:17 | Create | Villager (Male) |
| 1:36 | Create | Villager (Male) |
| 1:38 | Build | Lumber Camp |
| 2:01 | Create | Villager (Male) |
| 2:02 | Create | Villager (Male) |
| 2:37 | Create | Villager (Male) |
| 2:37 | Create | Villager (Male) |
| 2:41 | Build | House |
| 2:42 | Build | House |
| 2:58 | Create | Villager (Male) |
| 2:58 | Create | Villager (Male) |
| 3:30 | Create | Villager (Male) |
| 3:52 | Create | Villager (Male) |
| 4:00 | Build | Mill |
| 4:19 | Create | Villager (Male) |
| 4:19 | Create | Villager (Male) |
| 4:19 | Create | Villager (Male) |
| 4:38 | Create | Villager (Male) |
| 4:38 | Create | Villager (Male) |
| 4:38 | Create | Villager (Male) |
| 4:39 | Create | Villager (Male) |
| 5:28 | Create | Villager (Male) |
| 5:28 | Create | Villager (Male) |
| 5:28 | Create | Villager (Male) |
| 6:04 | Create | Villager (Male) |
| 6:04 | Create | Villager (Male) |
| 7:06 | Build | Farm |
| 7:12 | Build | Farm |
| 7:15 | Build | Farm |
| 7:15 | Create | Villager (Male) |
| 7:16 | Create | Villager (Male) |
| 7:22 | Build | Farm |
| 8:02 | Create | Villager (Male) |
| 8:12 | Build | Mining Camp |
| 8:32 | Research | Loom |
| 8:32 | Research | Loom |
| 8:39 | Build | Palisade Wall |
| 8:40 | Build | Palisade Wall |
| 8:43 | Build | Palisade Wall |
| 9:08 | Build | Palisade Wall |
| 9:18 | Research | Feudal Age |
| 9:18 | Research | Feudal Age |
| 9:23 | Build | Mining Camp |
| 9:42 | Build | House |
| 9:44 | Build | House |
| 10:25 | Build | Palisade Wall |
| 10:54 | Build | Mill |
| 11:04 | Build | House |
| 11:08 | Build | House |
| 11:11 | Build | House |
| 11:25 | Build | House |
| 11:28 | Age | Feudal Age |
| 11:32 | Build | Watch Tower |
| 11:33 | Create | Villager (Male) |
| 11:34 | Create | Villager (Male) |
| 11:40 | Build | Blacksmith |
| 12:00 | Build | Watch Tower |
| 12:18 | Research | Fletching |
| 12:19 | Research | Fletching |
| 12:27 | Build | Watch Tower |
| 12:55 | Create | Villager (Male) |
| 12:55 | Create | Villager (Male) |
| 12:55 | Create | Villager (Male) |
| 12:55 | Create | Villager (Male) |
| 12:56 | Create | Villager (Male) |
| 12:56 | Create | Villager (Male) |
| 12:56 | Create | Villager (Male) |
| 13:23 | Create | Villager (Male) |
| 13:23 | Create | Villager (Male) |
| 13:23 | Create | Villager (Male) |
| 13:31 | Build | Farm |
| 13:33 | Create | Villager (Male) |
| 13:59 | Build | Watch Tower |
| 14:04 | Create | Villager (Male) |
| 14:04 | Create | Villager (Male) |
| 14:08 | Create | Villager (Male) |
| 14:08 | Create | Villager (Male) |
| 15:12 | Create | Villager (Male) |
| 15:12 | Create | Villager (Male) |
| 15:13 | Create | Villager (Male) |
| 15:49 | Create | Villager (Male) |
| 15:49 | Create | Villager (Male) |
| 15:50 | Create | Villager (Male) |
| 17:28 | Build | Farm |
| 18:05 | Build | Market |
| 19:32 | Build | Watch Tower |
| 20:10 | Research | Castle Age |
| 20:11 | Research | Castle Age |
| 20:36 | Build | House |
| 20:39 | Build | House |
| 21:33 | Build | Mining Camp |
| 21:41 | Build | House |
| 22:15 | Build | Farm |
| 22:16 | Build | Farm |
| 22:20 | Build | House |
| 22:50 | Age | Castle Age |
| 22:54 | Build | House |
| 22:56 | Build | House |
| 22:57 | Create | Villager (Male) |
| 22:58 | Create | Villager (Male) |
| 22:58 | Create | Villager (Male) |
| 23:09 | Build | Castle |
| 23:19 | Create | Villager (Male) |
| 23:19 | Create | Villager (Male) |
| 23:20 | Create | Villager (Male) |
| 23:21 | Create | Villager (Male) |
| 23:42 | Create | Villager (Male) |
| 23:42 | Create | Villager (Male) |
| 23:42 | Create | Villager (Male) |
| 24:16 | Research | Double-Bit Axe |
| 24:16 | Research | Double-Bit Axe |
| 24:17 | Research | Double-Bit Axe |
| 24:38 | Build | Farm |
| 24:57 | Create | Villager (Male) |
| 24:58 | Create | Villager (Male) |
| 24:58 | Create | Villager (Male) |
| 24:59 | Create | Villager (Male) |
| 25:25 | Create | Villager (Male) |
| 25:25 | Create | Villager (Male) |
| 25:43 | Build | Farm |
| 25:56 | Create | Hussite Wagon |
| 25:57 | Create | Hussite Wagon |
| 25:57 | Create | Hussite Wagon |
| 26:09 | Research | Bow Saw |
| 26:09 | Research | Bow Saw |
| 26:09 | Research | Bow Saw |
| 26:12 | Create | Villager (Male) |
| 26:12 | Create | Villager (Male) |
| 26:12 | Create | Villager (Male) |
| 26:22 | Build | Mining Camp |
| 26:34 | Create | Hussite Wagon |
| 26:34 | Create | Hussite Wagon |
| 26:42 | Create | Villager (Male) |
| 26:43 | Create | Villager (Male) |
| 26:43 | Create | Villager (Male) |
| 26:44 | Create | Villager (Male) |
| 26:44 | Create | Villager (Male) |
| 26:57 | Create | Hussite Wagon |
| 27:25 | Create | Villager (Male) |
| 27:43 | Build | Stone Wall |
| 27:52 | Create | Villager (Male) |
| 27:52 | Create | Villager (Male) |
| 27:53 | Create | Villager (Male) |
| 27:53 | Create | Villager (Male) |
Build order — 帅气高大
First 150 of 430 actions detected
| 0:03 | Build | House |
| 0:04 | Build | House |
| 0:05 | Create | Villager (Male) |
| 0:05 | Create | Villager (Male) |
| 0:05 | Create | Villager (Male) |
| 0:06 | Create | Villager (Male) |
| 1:32 | Create | Villager (Male) |
| 1:33 | Create | Villager (Male) |
| 2:02 | Create | Villager (Male) |
| 2:02 | Create | Villager (Male) |
| 2:09 | Build | Lumber Camp |
| 2:21 | Create | Villager (Male) |
| 2:21 | Create | Villager (Male) |
| 2:55 | Create | Villager (Male) |
| 2:55 | Create | Villager (Male) |
| 2:56 | Create | Villager (Male) |
| 3:10 | Create | Villager (Male) |
| 3:10 | Create | Villager (Male) |
| 3:36 | Build | House |
| 3:50 | Create | Villager (Male) |
| 3:50 | Create | Villager (Male) |
| 3:50 | Create | Villager (Male) |
| 4:04 | Build | Palisade Gate |
| 4:52 | Build | Palisade Gate |
| 4:56 | Build | Palisade Wall |
| 5:07 | Create | Villager (Male) |
| 5:07 | Create | Villager (Male) |
| 5:07 | Create | Villager (Male) |
| 5:08 | Create | Villager (Male) |
| 5:08 | Create | Villager (Male) |
| 5:08 | Create | Villager (Male) |
| 5:35 | Build | Palisade Gate |
| 5:46 | Build | House |
| 5:49 | Build | Palisade Wall |
| 6:50 | Build | Mill |
| 7:13 | Build | Mill |
| 7:23 | Create | Villager (Male) |
| 7:38 | Create | Villager (Male) |
| 8:07 | Build | House |
| 8:21 | Create | Villager (Male) |
| 8:40 | Build | House |
| 8:57 | Research | Feudal Age |
| 9:20 | Build | House |
| 9:42 | Build | Farm |
| 9:45 | Build | Farm |
| 9:52 | Build | Mining Camp |
| 10:36 | Create | Villager (Male) |
| 10:36 | Create | Villager (Male) |
| 11:07 | Age | Feudal Age |
| 11:18 | Create | Villager (Male) |
| 11:26 | Build | Blacksmith |
| 11:32 | Research | Double-Bit Axe |
| 12:16 | Create | Villager (Male) |
| 12:35 | Build | Market |
| 12:37 | Build | House |
| 12:38 | Create | Villager (Male) |
| 12:39 | Create | Villager (Male) |
| 13:08 | Create | Villager (Male) |
| 13:10 | Research | Loom |
| 13:45 | Research | Castle Age |
| 13:45 | Research | Castle Age |
| 13:55 | Build | Farm |
| 13:56 | Build | Farm |
| 13:59 | Build | Farm |
| 14:01 | Build | Farm |
| 14:05 | Build | Farm |
| 14:08 | Build | Farm |
| 14:20 | Build | Farm |
| 14:34 | Research | Gold Mining |
| 14:55 | Build | Barracks |
| 15:03 | Build | House |
| 15:10 | Build | Palisade Wall |
| 15:22 | Build | Gate |
| 15:24 | Build | Stone Wall |
| 15:34 | Build | Farm |
| 15:39 | Build | Farm |
| 15:41 | Create | Villager (Male) |
| 15:41 | Create | Villager (Male) |
| 16:15 | Build | Stable |
| 16:23 | Build | Stable |
| 16:25 | Age | Castle Age |
| 16:27 | Create | Villager (Male) |
| 16:29 | Research | Scale Barding Armor |
| 16:30 | Research | Forging |
| 16:35 | Research | Gold Mining |
| 16:52 | Build | Farm |
| 16:59 | Build | Farm |
| 17:20 | Create | Villager (Male) |
| 17:22 | Research | Husbandry |
| 17:37 | Create | Villager (Male) |
| 17:52 | Create | Knight |
| 17:58 | Build | Farm |
| 18:00 | Build | Farm |
| 18:07 | Build | Farm |
| 18:09 | Build | Stable |
| 18:11 | Create | Knight |
| 18:18 | Create | Villager (Male) |
| 18:18 | Create | Villager (Male) |
| 18:22 | Build | Farm |
| 18:33 | Create | Knight |
| 18:40 | Build | Farm |
| 18:56 | Create | Knight |
| 18:59 | Build | Farm |
| 19:02 | Create | Villager (Male) |
| 19:09 | Build | Lumber Camp |
| 19:19 | Create | Knight |
| 19:22 | Create | Knight |
| 19:35 | Create | Villager (Male) |
| 19:43 | Build | Farm |
| 19:45 | Create | Knight |
| 20:11 | Build | House |
| 20:12 | Build | House |
| 20:14 | Create | Villager (Male) |
| 20:14 | Create | Villager (Male) |
| 20:21 | Build | Farm |
| 20:22 | Create | Villager (Male) |
| 20:24 | Create | Knight |
| 20:40 | Create | Knight |
| 20:44 | Build | Farm |
| 20:47 | Research | Wheelbarrow |
| 20:53 | Build | House |
| 20:56 | Create | Knight |
| 21:12 | Build | Mining Camp |
| 21:18 | Create | Villager (Male) |
| 21:19 | Create | Knight |
| 21:27 | Build | House |
| 21:31 | Create | Villager (Male) |
| 21:33 | Create | Knight |
| 21:33 | Create | Knight |
| 21:41 | Build | Farm |
| 22:09 | Create | Knight |
| 22:11 | Create | Villager (Male) |
| 22:18 | Build | House |
| 22:33 | Create | Knight |
| 22:52 | Create | Villager (Male) |
| 23:02 | Build | House |
| 23:06 | Build | Farm |
| 23:10 | Create | Knight |
| 23:10 | Create | Knight |
| 23:36 | Create | Knight |
| 23:44 | Build | House |
| 24:01 | Research | Chain Barding Armor |
| 24:04 | Research | Gold Shaft Mining |
| 24:06 | Create | Knight |
| 24:25 | Build | House |
| 24:26 | Create | Villager (Male) |
| 24:26 | Create | Villager (Male) |
| 24:34 | Build | Mining Camp |
| 24:57 | Build | House |
| 24:59 | Create | Villager (Male) |
Build order — HSL | LuxRay
First 150 of 325 actions detected
| 0:01 | Create | Villager (Male) |
| 0:01 | Create | Villager (Male) |
| 0:02 | Build | House |
| 0:04 | Build | House |
| 0:12 | Create | Villager (Male) |
| 0:17 | Create | Villager (Male) |
| 1:03 | Create | Villager (Male) |
| 1:22 | Build | Palisade Gate |
| 1:23 | Create | Villager (Male) |
| 1:39 | Build | Palisade Wall |
| 1:42 | Build | Palisade Wall |
| 1:47 | Build | Palisade Wall |
| 1:52 | Build | Palisade Wall |
| 1:57 | Build | Palisade Wall |
| 2:02 | Build | Palisade Wall |
| 2:06 | Build | Palisade Wall |
| 2:11 | Build | Palisade Wall |
| 2:16 | Build | Palisade Wall |
| 2:19 | Build | Palisade Wall |
| 2:21 | Build | Palisade Wall |
| 2:30 | Create | Villager (Male) |
| 2:32 | Create | Villager (Male) |
| 3:04 | Create | Villager (Male) |
| 3:23 | Create | Villager (Male) |
| 3:26 | Build | Settlement |
| 3:35 | Create | Villager (Male) |
| 4:05 | Create | Villager (Male) |
| 4:17 | Create | Villager (Male) |
| 4:42 | Research | Loom |
| 5:38 | Research | Feudal Age |
| 7:37 | Create | Villager (Male) |
| 8:01 | Age | Feudal Age |
| 8:02 | Create | Villager (Male) |
| 8:07 | Build | Watch Tower |
| 8:13 | Create | Villager (Male) |
| 8:21 | Build | House |
| 8:23 | Create | Villager (Male) |
| 8:52 | Create | Villager (Male) |
| 9:01 | Build | Settlement |
| 9:02 | Create | Villager (Male) |
| 9:32 | Create | Villager (Male) |
| 9:50 | Create | Villager (Male) |
| 10:05 | Create | Villager (Male) |
| 10:23 | Create | Villager (Male) |
| 10:35 | Build | Watch Tower |
| 10:55 | Create | Villager (Male) |
| 11:05 | Build | Blacksmith |
| 11:23 | Create | Villager (Male) |
| 11:55 | Research | Fletching |
| 12:35 | Create | Villager (Male) |
| 12:48 | Build | Watch Tower |
| 13:01 | Build | Farm |
| 13:02 | Create | Villager (Male) |
| 13:05 | Research | Double-Bit Axe |
| 13:35 | Create | Villager (Male) |
| 13:49 | Create | Villager (Male) |
| 13:59 | Create | Villager (Male) |
| 14:01 | Build | Farm |
| 14:03 | Build | Farm |
| 14:34 | Create | Villager (Male) |
| 14:57 | Build | Watch Tower |
| 14:57 | Create | Villager (Male) |
| 15:00 | Create | Villager (Male) |
| 15:02 | Build | Farm |
| 15:05 | Build | Farm |
| 15:05 | Create | Villager (Male) |
| 15:29 | Create | Villager (Male) |
| 15:45 | Create | Villager (Male) |
| 15:57 | Build | Market |
| 16:01 | Build | Settlement |
| 17:02 | Create | Villager (Male) |
| 17:29 | Create | Villager (Male) |
| 17:54 | Create | Villager (Male) |
| 18:06 | Build | Farm |
| 18:08 | Build | Farm |
| 18:11 | Build | Farm |
| 18:11 | Create | Villager (Male) |
| 18:14 | Build | Farm |
| 18:15 | Build | Farm |
| 18:37 | Create | Villager (Male) |
| 19:02 | Create | Villager (Male) |
| 19:10 | Build | Farm |
| 19:13 | Build | Farm |
| 19:47 | Build | Farm |
| 19:51 | Build | Farm |
| 19:59 | Research | Castle Age |
| 20:05 | Build | Palisade Gate |
| 20:19 | Build | House |
| 20:35 | Build | Outpost |
| 20:44 | Build | Outpost |
| 21:01 | Build | Settlement |
| 21:05 | Build | House |
| 21:06 | Build | Palisade Wall |
| 21:09 | Build | Palisade Wall |
| 21:11 | Build | Palisade Wall |
| 21:12 | Build | Palisade Wall |
| 21:40 | Build | Outpost |
| 22:46 | Age | Castle Age |
| 22:56 | Build | Castle |
| 22:56 | Create | Villager (Male) |
| 23:04 | Build | Town Center |
| 23:07 | Create | Villager (Male) |
| 23:14 | Research | Bow Saw |
| 23:15 | Create | Villager (Male) |
| 23:58 | Create | Villager (Male) |
| 24:11 | Create | Unit 2579 |
| 24:11 | Create | Unit 2579 |
| 24:11 | Create | Unit 2579 |
| 24:13 | Research | Bodkin Arrow |
| 24:14 | Create | Villager (Male) |
| 24:15 | Create | Villager (Male) |
| 24:28 | Create | Petard |
| 24:40 | Create | Petard |
| 24:45 | Create | Villager (Male) |
| 24:56 | Create | Unit 2579 |
| 24:56 | Create | Unit 2579 |
| 24:58 | Create | Villager (Male) |
| 25:03 | Research | Horse Collar |
| 25:03 | Create | Villager (Male) |
| 25:10 | Create | Villager (Male) |
| 25:13 | Create | Villager (Male) |
| 25:47 | Create | Unit 2579 |
| 25:47 | Create | Unit 2579 |
| 25:56 | Create | Villager (Male) |
| 25:59 | Create | Villager (Male) |
| 26:02 | Build | Town Center |
| 26:03 | Create | Villager (Male) |
| 26:09 | Create | Unit 2579 |
| 26:10 | Create | Unit 2579 |
| 26:11 | Create | Villager (Male) |
| 26:22 | Research | Wheelbarrow |
| 26:26 | Build | Farm |
| 26:35 | Create | Unit 2579 |
| 26:37 | Create | Unit 2579 |
| 27:08 | Create | Unit 2579 |
| 27:31 | Create | Unit 2579 |
| 27:31 | Create | Villager (Male) |
| 27:37 | Build | Town Center |
| 27:37 | Create | Villager (Male) |
| 27:56 | Build | Farm |
| 27:57 | Build | Farm |
| 27:59 | Build | Farm |
| 28:01 | Build | Farm |
| 28:02 | Create | Villager (Male) |
| 28:04 | Build | Farm |
| 28:05 | Build | Farm |
| 28:08 | Research | Heavy Plow |
| 28:09 | Create | Villager (Male) |
| 28:10 | Create | Unit 2579 |
| 28:10 | Create | Unit 2579 |
Build order — 剑魔
First 150 of 464 actions detected
| 0:02 | Create | Villager (Male) |
| 0:03 | Create | Villager (Male) |
| 0:04 | Build | House |
| 0:05 | Build | House |
| 0:22 | Create | Villager (Male) |
| 0:22 | Create | Villager (Male) |
| 1:31 | Create | Villager (Male) |
| 1:32 | Create | Villager (Male) |
| 1:59 | Create | Villager (Male) |
| 2:19 | Build | Lumber Camp |
| 2:49 | Create | Villager (Male) |
| 2:50 | Create | Villager (Male) |
| 2:50 | Create | Villager (Male) |
| 2:50 | Create | Villager (Male) |
| 3:20 | Build | House |
| 3:46 | Create | Villager (Male) |
| 3:57 | Build | House |
| 4:17 | Create | Villager (Male) |
| 4:34 | Build | House |
| 4:40 | Create | Villager (Male) |
| 5:10 | Create | Villager (Male) |
| 5:10 | Create | Villager (Male) |
| 5:30 | Build | Lumber Camp |
| 5:31 | Create | Villager (Male) |
| 5:31 | Create | Villager (Male) |
| 6:18 | Create | Villager (Male) |
| 6:19 | Create | Villager (Male) |
| 6:45 | Build | Mill |
| 7:07 | Create | Villager (Male) |
| 7:59 | Create | Villager (Male) |
| 8:37 | Create | Villager (Male) |
| 8:54 | Create | Villager (Male) |
| 9:08 | Build | Mining Camp |
| 9:23 | Create | Villager (Male) |
| 9:38 | Build | Farm |
| 9:47 | Research | Feudal Age |
| 9:47 | Research | Feudal Age |
| 9:57 | Build | Farm |
| 10:06 | Build | Farm |
| 10:09 | Build | Farm |
| 10:30 | Build | Farm |
| 10:30 | Build | Farm |
| 11:09 | Build | Farm |
| 11:12 | Build | Farm |
| 12:05 | Age | Feudal Age |
| 12:38 | Research | Castle Age |
| 12:38 | Research | Castle Age |
| 13:00 | Research | Horse Collar |
| 13:25 | Build | Farm |
| 13:29 | Build | Farm |
| 13:34 | Build | Farm |
| 13:34 | Build | Farm |
| 13:35 | Build | Farm |
| 13:36 | Build | Farm |
| 13:46 | Research | Double-Bit Axe |
| 13:46 | Research | Double-Bit Axe |
| 15:18 | Age | Castle Age |
| 15:21 | Create | Villager (Male) |
| 15:22 | Create | Villager (Male) |
| 15:31 | Build | Town Center |
| 15:39 | Build | Town Center |
| 15:44 | Research | Bow Saw |
| 15:44 | Research | Bow Saw |
| 15:51 | Research | Heavy Plow |
| 15:52 | Create | Villager (Male) |
| 16:17 | Create | Villager (Male) |
| 16:32 | Create | Villager (Male) |
| 16:42 | Research | Loom |
| 16:43 | Research | Wheelbarrow |
| 16:54 | Build | House |
| 16:56 | Build | House |
| 17:05 | Build | Farm |
| 17:06 | Build | Farm |
| 17:07 | Build | Farm |
| 17:10 | Create | Villager (Male) |
| 17:14 | Create | Villager (Male) |
| 17:18 | Create | Villager (Male) |
| 17:18 | Create | Villager (Male) |
| 17:25 | Create | Villager (Male) |
| 17:26 | Create | Villager (Male) |
| 17:34 | Build | House |
| 17:36 | Build | House |
| 17:40 | Build | Farm |
| 17:41 | Create | Villager (Male) |
| 17:45 | Create | Villager (Male) |
| 18:07 | Create | Villager (Male) |
| 18:10 | Create | Villager (Male) |
| 18:11 | Create | Villager (Male) |
| 18:12 | Create | Villager (Male) |
| 18:23 | Create | Villager (Male) |
| 18:24 | Create | Villager (Male) |
| 18:33 | Build | Farm |
| 18:34 | Build | Farm |
| 18:37 | Create | Villager (Male) |
| 18:50 | Create | Villager (Male) |
| 18:50 | Create | Villager (Male) |
| 19:05 | Create | Villager (Male) |
| 19:06 | Create | Villager (Male) |
| 19:24 | Build | Town Center |
| 19:27 | Create | Villager (Male) |
| 19:28 | Create | Villager (Male) |
| 19:29 | Create | Villager (Male) |
| 19:31 | Create | Villager (Male) |
| 19:31 | Create | Villager (Male) |
| 19:34 | Build | Farm |
| 19:35 | Build | Farm |
| 19:59 | Create | Villager (Male) |
| 19:59 | Create | Villager (Male) |
| 20:21 | Create | Villager (Male) |
| 20:22 | Create | Villager (Male) |
| 20:26 | Build | Lumber Camp |
| 20:31 | Build | House |
| 20:31 | Build | House |
| 20:32 | Build | House |
| 20:36 | Create | Villager (Male) |
| 20:37 | Create | Villager (Male) |
| 20:38 | Build | Farm |
| 20:38 | Build | Farm |
| 20:41 | Create | Villager (Male) |
| 20:41 | Create | Villager (Male) |
| 20:47 | Create | Villager (Male) |
| 21:05 | Build | Farm |
| 21:07 | Build | Farm |
| 21:08 | Create | Villager (Male) |
| 21:09 | Create | Villager (Male) |
| 21:17 | Build | Farm |
| 21:18 | Build | Farm |
| 21:19 | Build | Farm |
| 21:20 | Build | Farm |
| 21:28 | Research | Gold Mining |
| 21:32 | Create | Villager (Male) |
| 21:35 | Create | Villager (Male) |
| 21:37 | Create | Villager (Male) |
| 21:46 | Build | Farm |
| 21:54 | Build | House |
| 21:55 | Build | House |
| 21:58 | Create | Villager (Male) |
| 21:59 | Create | Villager (Male) |
| 22:00 | Create | Villager (Male) |
| 22:01 | Create | Villager (Male) |
| 22:01 | Create | Villager (Male) |
| 22:03 | Create | Villager (Male) |
| 22:06 | Build | Farm |
| 22:06 | Build | Farm |
| 22:07 | Build | Farm |
| 22:18 | Create | Villager (Male) |
| 22:25 | Create | Villager (Male) |
| 22:27 | Create | Villager (Male) |
| 22:28 | Research | Gold Shaft Mining |
| 22:29 | Research | Gold Shaft Mining |
Build order — Melo
First 150 of 478 actions detected
| 0:00 | Create | Villager (Male) ×4 |
| 0:01 | Create | Villager (Male) ×4 |
| 0:02 | Build | House |
| 0:03 | Build | House |
| 1:27 | Create | Villager (Male) |
| 1:49 | Create | Villager (Male) |
| 2:12 | Build | Settlement |
| 2:22 | Create | Villager (Male) |
| 2:22 | Create | Villager (Male) |
| 2:53 | Create | Villager (Male) |
| 2:53 | Create | Villager (Male) |
| 3:06 | Build | House |
| 3:07 | Build | House |
| 3:19 | Build | Palisade Wall |
| 3:20 | Build | Palisade Wall |
| 3:34 | Build | Palisade Wall |
| 3:36 | Build | Palisade Wall |
| 3:39 | Build | Palisade Wall |
| 3:40 | Create | Villager (Male) |
| 3:51 | Build | Palisade Wall |
| 3:56 | Build | Palisade Wall |
| 3:58 | Build | Palisade Wall |
| 4:00 | Build | Palisade Wall |
| 4:04 | Build | Palisade Wall |
| 4:06 | Build | Palisade Gate |
| 4:14 | Create | Villager (Male) |
| 4:14 | Create | Villager (Male) |
| 4:22 | Create | Villager (Male) |
| 5:05 | Create | Villager (Male) |
| 5:06 | Create | Villager (Male) |
| 5:14 | Create | Villager (Male) |
| 5:32 | Create | Villager (Male) |
| 5:42 | Build | Settlement |
| 5:55 | Create | Villager (Male) |
| 6:33 | Create | Villager (Male) |
| 6:46 | Create | Villager (Male) |
| 6:57 | Create | Villager (Male) |
| 7:31 | Build | Farm |
| 7:32 | Build | Farm |
| 7:52 | Build | Settlement |
| 8:04 | Create | Villager (Male) |
| 8:24 | Research | Feudal Age |
| 9:17 | Build | House |
| 10:21 | Create | Villager (Male) |
| 10:37 | Create | Villager (Male) |
| 10:39 | Age | Feudal Age |
| 10:40 | Build | Market |
| 10:42 | Build | Blacksmith |
| 11:29 | Research | Castle Age |
| 11:33 | Build | House |
| 11:38 | Create | Villager (Male) |
| 12:08 | Build | Farm |
| 12:09 | Build | Farm |
| 12:20 | Research | Double-Bit Axe |
| 12:42 | Create | Villager (Male) |
| 12:46 | Build | House |
| 12:47 | Build | House |
| 12:47 | Create | Villager (Male) |
| 12:55 | Build | Farm |
| 13:39 | Build | Outpost |
| 14:09 | Age | Castle Age |
| 14:18 | Build | Town Center |
| 14:19 | Create | Villager (Male) |
| 14:27 | Build | House |
| 14:39 | Build | Outpost |
| 14:41 | Research | Town Watch |
| 14:41 | Research | Town Watch |
| 14:42 | Create | Villager (Male) |
| 14:44 | Create | Villager (Male) |
| 14:45 | Create | Villager (Male) |
| 14:48 | Build | Farm |
| 14:58 | Research | Bow Saw |
| 14:58 | Research | Bow Saw |
| 15:14 | Create | Villager (Male) |
| 15:33 | Create | Villager (Male) |
| 15:35 | Build | House |
| 15:47 | Create | Villager (Male) |
| 15:57 | Build | University |
| 16:05 | Create | Villager (Male) |
| 16:13 | Create | Villager (Male) |
| 16:17 | Build | Farm |
| 16:20 | Build | Farm |
| 16:22 | Create | Villager (Male) |
| 16:23 | Build | Farm |
| 16:30 | Research | Horse Collar |
| 16:30 | Research | Horse Collar |
| 16:31 | Create | Villager (Male) |
| 16:35 | Create | Villager (Male) |
| 16:47 | Build | Outpost |
| 16:51 | Build | Outpost |
| 16:53 | Create | Villager (Male) |
| 16:57 | Create | Villager (Male) |
| 17:06 | Create | Villager (Male) |
| 17:07 | Create | Villager (Male) |
| 17:15 | Build | Gate |
| 17:18 | Build | Stone Wall |
| 17:26 | Build | Stone Wall |
| 17:28 | Create | Villager (Male) |
| 17:37 | Build | Settlement |
| 17:46 | Build | House |
| 17:48 | Build | House |
| 17:51 | Create | Villager (Male) |
| 17:52 | Build | Farm |
| 18:06 | Build | Farm |
| 18:06 | Build | Farm |
| 18:07 | Build | Farm |
| 18:07 | Build | Farm |
| 18:07 | Build | Farm |
| 18:15 | Create | Villager (Male) |
| 18:24 | Build | Town Center |
| 18:27 | Create | Villager (Male) |
| 18:33 | Build | Farm |
| 18:37 | Build | House |
| 18:38 | Build | House |
| 18:39 | Build | House |
| 18:40 | Build | House |
| 18:44 | Create | Villager (Male) |
| 18:44 | Create | Villager (Male) |
| 19:01 | Build | Siege Workshop |
| 19:06 | Create | Villager (Male) |
| 19:12 | Create | Villager (Male) |
| 19:18 | Build | Farm |
| 19:27 | Create | Villager (Male) |
| 19:35 | Build | Farm |
| 19:38 | Build | Farm |
| 19:39 | Build | Farm |
| 19:40 | Build | Farm |
| 19:41 | Create | Villager (Male) |
| 19:46 | Build | House |
| 19:55 | Create | Villager (Male) |
| 20:04 | Create | Villager (Male) |
| 20:11 | Create | Villager (Male) |
| 20:26 | Build | House |
| 20:27 | Build | House |
| 20:28 | Build | House |
| 20:28 | Build | House |
| 20:31 | Create | Villager (Male) |
| 20:40 | Create | Mangonel |
| 20:42 | Create | Villager (Male) |
| 20:43 | Create | Villager (Male) |
| 20:48 | Build | Farm |
| 20:55 | Build | Farm |
| 20:56 | Build | Farm |
| 20:57 | Create | Villager (Male) |
| 20:57 | Create | Villager (Male) |
| 21:09 | Create | Villager (Male) |
| 21:20 | Build | Settlement |
| 21:25 | Create | Villager (Male) |
| 21:39 | Create | Villager (Male) |
| 21:40 | Create | Villager (Male) |
Match timeline
| 1:39 | HSL | LuxRay · wall_segment Palisade Wall x1 |
| 1:42 | HSL | LuxRay · wall_segment Palisade Wall x1 |
| 1:47 | HSL | LuxRay · wall_segment Palisade Wall x1 |
| 1:52 | HSL | LuxRay · wall_segment Palisade Wall x1 |
| 1:57 | HSL | LuxRay · wall_segment Palisade Wall x1 |
| 2:02 | HSL | LuxRay · wall_segment Palisade Wall x1 |
| 2:06 | HSL | LuxRay · wall_segment Palisade Wall x1 |
| 2:11 | HSL | LuxRay · wall_segment Palisade Wall x1 |
| 2:16 | HSL | LuxRay · wall_segment Palisade Wall x1 |
| 2:19 | HSL | LuxRay · wall_segment Palisade Wall x1 |
| 2:21 | HSL | LuxRay · wall_segment Palisade Wall x1 |
| 3:19 | Melo · wall_segment Palisade Wall x2 |
| 3:20 | Melo · wall_segment Palisade Wall x3 |
| 3:34 | Melo · wall_segment Palisade Wall x1 |
| 3:36 | Melo · wall_segment Palisade Wall x1 |
| 3:39 | Melo · wall_segment Palisade Wall x1 |
| 3:51 | Melo · wall_segment Palisade Wall x1 |
| 3:56 | Melo · wall_segment Palisade Wall x1 |
| 3:58 | Melo · wall_segment Palisade Wall x1 |
| 4:00 | Melo · wall_segment Palisade Wall x1 |
| 4:04 | Melo · wall_segment Palisade Wall x1 |
| 4:56 | 帅气高大 · wall_segment Palisade Wall x1 |
| 5:49 | 帅气高大 · wall_segment Palisade Wall x1 |
| 8:01 | HSL | LuxRay · age_up feudal |
| 8:14 | cmd 2.0 · age_up feudal |
| 8:39 | 天空6 · wall_segment Palisade Wall x3 |
| 8:40 | 天空6 · wall_segment Palisade Wall x3 |
| 8:43 | 天空6 · wall_segment Palisade Wall x7 |
| 9:08 | 天空6 · wall_segment Palisade Wall x6 |
| 10:25 | 天空6 · wall_segment Palisade Wall x5 |
| 10:33 | Dott_Berlu · age_up feudal |
| 10:39 | Melo · age_up feudal |
| 10:59 | 安时间 · age_up feudal |
| 11:07 | 帅气高大 · age_up feudal |
| 11:28 | 天空6 · age_up feudal |
| 12:05 | 剑魔 · age_up feudal |
| 13:51 | cmd 2.0 · first_building Barracks |
| 14:09 | Melo · age_up castle |
| 14:17 | Dott_Berlu · age_up castle |
| 14:34 | 安时间 · age_up castle |
| 14:53 | 安时间 · first_building Castle |
| 14:54 | Melo · first_market_buy 100 wood |
| 14:55 | 帅气高大 · first_building Barracks |
| 15:10 | 帅气高大 · wall_segment Palisade Wall x1 |
| 15:15 | Dott_Berlu · first_market_buy 100 food |
| 15:18 | 剑魔 · age_up castle |
| 15:24 | 帅气高大 · wall_segment Stone Wall x1 |
| 15:37 | cmd 2.0 · first_building Stable |
| 16:15 | 帅气高大 · first_building Stable |
| 16:25 | 帅气高大 · age_up castle |
| 17:18 | Melo · wall_segment Stone Wall x1 |
| 17:26 | Melo · wall_segment Stone Wall x4 |
| 18:11 | Melo · first_market_sell 100 wood |
| 19:01 | Melo · first_building Siege Workshop |
| 19:08 | HSL | LuxRay · first_market_buy 100 food |
| 19:14 | cmd 2.0 · age_up castle |
| 19:39 | 天空6 · first_market_sell 100 stone |
| 19:49 | cmd 2.0 · wall_segment Palisade Wall x1 |
| 19:54 | HSL | LuxRay · first_market_sell 100 wood |
| 20:04 | 天空6 · first_market_buy 100 food |
| 20:20 | 安时间 · first_building Monastery |
| 20:31 | cmd 2.0 · first_building Siege Workshop |
| 21:06 | HSL | LuxRay · wall_segment Palisade Wall x1 |
| 21:09 | HSL | LuxRay · wall_segment Palisade Wall x1 |
| 21:11 | HSL | LuxRay · wall_segment Palisade Wall x1 |
| 21:12 | HSL | LuxRay · wall_segment Palisade Wall x1 |
| 21:51 | Dott_Berlu · first_building Castle |
| 22:46 | HSL | LuxRay · age_up castle |
| 22:50 | 天空6 · age_up castle |
| 22:56 | HSL | LuxRay · first_building Castle |
| 23:09 | 天空6 · first_building Castle |
| 23:58 | Melo · first_building Barracks |
| 23:59 | 帅气高大 · first_market_sell 100 wood |
| 24:22 | Dott_Berlu · first_building Donjon |
| 24:45 | 剑魔 · first_building Barracks |
| 24:50 | Dott_Berlu · first_building Barracks |
| 24:58 | Melo · first_building Archery Range |
| 25:22 | Dott_Berlu · wall_segment Palisade Wall x1 |
| 25:26 | 剑魔 · first_building Stable |
| 25:34 | Dott_Berlu · wall_segment Palisade Wall x1 |
| 25:37 | Dott_Berlu · wall_segment Palisade Wall x1 |
| 25:50 | Dott_Berlu · wall_segment Stone Wall x6 |
| 25:51 | Dott_Berlu · wall_segment Stone Wall x1 |
| 26:35 | 安时间 · first_building Barracks |
| 27:42 | 帅气高大 · wall_segment Stone Wall x3 |
| 27:43 | 天空6 · wall_segment Stone Wall x2 |
| 27:55 | 安时间 · first_building Stable |
| 28:04 | Melo · age_up imperial |
| 28:11 | 帅气高大 · first_building Monastery |
| 28:15 | 剑魔 · age_up imperial |
| 28:38 | Melo · first_building Castle |
| 29:13 | cmd 2.0 · first_building Monastery |
| 29:19 | 剑魔 · first_building Castle |
| 29:29 | Melo · wall_segment Stone Wall x1 |
| 29:32 | Melo · wall_segment Stone Wall x1 |
| 29:33 | Melo · wall_segment Stone Wall x1 |
| 29:35 | Melo · wall_segment Stone Wall x1 |
| 29:42 | Dott_Berlu · age_up imperial |
| 29:59 | 安时间 · first_market_sell 100 food |
| 30:27 | 帅气高大 · first_building Castle |
| 30:54 | cmd 2.0 · first_market_sell 100 wood |
| 30:56 | cmd 2.0 · first_market_buy 100 stone |
| 32:17 | Dott_Berlu · first_building Siege Workshop |
| 33:10 | 安时间 · age_up imperial |
| 34:57 | HSL | LuxRay · age_up imperial |
| 35:02 | 安时间 · first_building Archery Range |
| 35:30 | 安时间 · first_market_buy 100 stone |
| 36:18 | cmd 2.0 · age_up imperial |
| 36:35 | 帅气高大 · age_up imperial |
| 36:51 | 安时间 · first_building Siege Workshop |
| 37:00 | 天空6 · first_building Siege Workshop |
| 38:02 | 天空6 · age_up imperial |
| 38:17 | 天空6 · first_building Barracks |
| 38:59 | Melo · first_building Monastery |
| 39:14 | HSL | LuxRay · tribute_sent a jugador 1 |
| 39:14 | HSL | LuxRay · tribute_sent a jugador 2 |
| 39:14 | HSL | LuxRay · tribute_sent a jugador 3 |
| 39:14 | HSL | LuxRay · tribute_sent a jugador 4 |
| 39:14 | HSL | LuxRay · tribute_sent a jugador 5 |
| 39:14 | HSL | LuxRay · tribute_sent a jugador 7 |
| 39:14 | HSL | LuxRay · tribute_sent a jugador 8 |
| 39:18 | Melo · tribute_sent a jugador 1 |
| 39:18 | Melo · tribute_sent a jugador 2 |
| 39:18 | Melo · tribute_sent a jugador 3 |
| 39:18 | Melo · tribute_sent a jugador 4 |
| 39:18 | Melo · tribute_sent a jugador 5 |
| 39:18 | Melo · tribute_sent a jugador 6 |
| 39:18 | Melo · tribute_sent a jugador 7 |
| 40:01 | HSL | LuxRay · first_building Barracks |
| 42:32 | cmd 2.0 · first_building Castle |
| 43:37 | 天空6 · first_building Monastery |
| 44:30 | 安时间 · resign |
[ AI ANALYSIS · 1 CREDIT ]
What really happened in this match?
Wolo.gg analyzes every decision: build order, eco, micro, common mistakes by bracket. Personalized analysis on WhatsApp or Discord in 30 seconds.
Civ guide
Cumans
Perfil
Jugador #14374612